 Dungeon Crawl Stone Soup version 0.26.1-11-gd32895ea62 (webtiles) character file.

Game seed: 1129761397105915210

674 Tirrikindir the Slasher (level 7, -4/48 HPs)
             Began as an Octopode Fighter on June 22, 2021.
             Was an Initiate of Ru.
             Slain by an orc warrior
             ... wielding a +0 hand axe
              (13 damage)
             ... in a bailey.
             The game lasted 00:07:44 (4283 turns).

Tirrikindir the Slasher (Octopode Fighter)          Turns: 4283, Time: 00:07:44

Health: -4/48      AC:  1    Str: 15 (16) XL:     7   Next: 59%
Magic:  7/7        EV: 12    Int:  7 (10) God:    Ru [......]
Gold:   172        SH: 13    Dex: 12 (13) Spells: 6/6 levels left

rFire    . . .     SeeInvis .   a - +1 long sword
rCold    . . .     Faith    .   b - +4 kite shield
rNeg     . . .     Spirit   .   (helmet restricted)
rPois    .         Reflect  .   (no amulet)
rElec    .         Harm     .   f - ring of flight
rCorr    .         Rampage  .   (no ring)
Will     .....                  (no ring)
Stlth    ++++......             (no ring)
HPRegen  0.16/turn              (no ring)
MPRegen  0.10/turn              (no ring)
                                (no ring)
                                (no ring)

@: no status effects
A: almost no armour, stealthy swim, amphibious, 8 rings, constrict 8, camouflage
1, gelatinous body 1, disrupted magic 1
a: Renounce Religion, Evoke Flight


You were in a bailey.
You worshipped Ru.
Ru was noncommittal.
You visited 1 branch of the dungeon, and saw 5 of its levels.
You also visited: Bailey.

You collected 172 gold pieces.

Inventory:

Hand Weapons
 a - a +1 long sword (weapon)
 h - a +2 dagger of flaming
Missiles
 k - 28 poisoned darts (quivered)
Armour
 b - a +4 kite shield (worn)
Jewellery
 f - a ring of flight (left tentacle)
Scrolls
 e - 3 scrolls of remove curse
 g - a scroll of teleportation
 i - 4 scrolls of identify
 j - a scroll of fear
Potions
 c - a potion of berserk rage
 d - 2 potions of curing
 l - 3 potions of flight
 m - a potion of lignification


   Skills:
 - Level 4.0 Fighting
 * Level 6.1 Long Blades
 - Level 4.0 Dodging
 - Level 4.0 Stealth
 - Level 4.0 Shields


You had 6 spell levels left.
You didn't know any spells.
Your spell library was empty.

Dungeon Overview and Level Annotations

Branches:
Dungeon (7/15)             Bailey (1/1)
 Temple: D:4-7

Altars:
Dithmenos
Fedhas
Ru
Vehumet


Innate Abilities, Weirdness & Mutations

You cannot wear most types of armour.
You are very stealthy in the water. (Stealth+)
You are amphibious.
You can wear up to eight rings at the same time.
You can use your tentacles to constrict eight enemies at once.
Your skin changes colour to match your surroundings (Stealth+).
Your rubbery body absorbs attacks. (AC +1, EV +1)
Your casting is slightly disrupted.


Message History

A kobold comes into view.
It is wearing a +3 scale mail of cold resistance.
You block the kobold's attack.
The kobold shouts!
You slash the kobold!
You kill the kobold!
You hear a shout!
A kobold comes into view.
The orc warrior cheers loudly, as Orcs often do.
The orc warrior hits you with a +0 hand axe!
You hit the orc warrior. You grab the orc warrior.
The orc warrior is lightly wounded.
You constrict the orc warrior.
An orc comes into view. It is wielding a +0 war axe.
The orc warrior hits you with a +0 hand axe!
* * * LOW HITPOINT WARNING * * *
You hit the orc warrior but do no damage.
The orc warrior is lightly wounded.
You constrict the orc warrior.
The orc warrior hits you with a +0 hand axe!
You die...

##...#### ##.....####
##.......###
#..∩......####
#.........!...####
#≈≈≈≈≈≈≈≈.........##
≈≈≈≈≈≈≈≈≈≈≈≈≈≈.......
≈≈≈#########≈≈≈≈≈.....
≈≈≈K#.g...o.#∩≈@≈≈≈≈...
≈## #..o....####o≈≈≈≈≈≈
###'##


#KK#gKKK.≈≈ .. ^.oo###o.... ###..' K.... #..# .... #..# ⌠.. ##'# ... You could
see 3 orc warriors, a gnoll, an orc and 6 kobolds.

Vanquished Creatures
  Sigmund (D:2)
  A sky beast (D:7)
  A scorpion (D:3)
  An orc priest (D:4)
  A hound (D:4)
  6 worker ants
  A killer bee zombie (D:7)
  5 adders
  4 gnolls
  An ooze (D:1)
  A worm (D:3)
  A dart slug (D:1)
  A leopard gecko (D:2)
  8 orcs
  A giant cockroach (D:1)
  10 goblins
  4 hobgoblins
  2 jackals (D:1)
  7 kobolds
  A ball python (D:4)
  5 bats
  5 frilled lizards
  6 rats
74 creatures vanquished.

Vanquished Creatures (others)
  63 plants (D:4)
63 creatures vanquished.

Grand Total: 137 creatures vanquished

Notes
Turn   | Place    | Note
-------+----------+-------------------------------------------
     0 | D:1      | Tirrikindir the Octopode Fighter began the quest for the
                  | Orb.
     0 | D:1      | Reached XP level 1. HP: 16/16 MP: 1/1
   274 | D:1      | Reached skill level 1 in Stealth
   274 | D:1      | Reached XP level 2. HP: 14/21 MP: 2/2
   674 | D:1      | Reached XP level 3. HP: 26/26 MP: 3/3
  1289 | D:2      | Noticed Sigmund
  1295 | D:2      | Killed Sigmund
  1296 | D:2      | Reached skill level 3 in Long Blades
  1296 | D:2      | Reached XP level 4. HP: 30/33 MP: 4/4
  1296 | D:2      | Reached XP level 5. HP: 34/37 MP: 5/5
  1710 | D:2      | Found a radiant altar of Vehumet.
  1742 | D:2      | Reached XP level 6. HP: 30/43 MP: 6/6
  2213 | D:2      | Found a blossoming altar of Fedhas.
  2507 | D:3      | Reached skill level 4 in Long Blades
  2642 | D:3      | Found a faded altar of an unknown god.
  2744 | D:3      | Found a shadowy altar of Dithmenos.
  3195 | D:3      | Became a worshipper of Ru the Awakened
  3206 | D:3      | Gained mutation: Your casting is slightly disrupted. [Ru
                  | sacrifice]
  3417 | D:4      | Reached XP level 7. HP: 38/48 MP: 7/7
  3658 | D:4      | Reached skill level 5 in Long Blades
  3759 | D:4      | You fall into a shaft and drop 3 floors!
  3774 | D:7      | HP: 2/72 [sky beast (6)]
  4115 | D:7      | Reached skill level 6 in Long Blades
  4116 | D:7      | Found a flagged portal.
  4197 | Bailey   | Entered a bailey
  4283 | Bailey   | Slain by an orc warrior

Illustrated notes

Levels and vault maps discovered:
D:1:      sevenhm_arrival_forest_fort_large_4, layout_loops_ring, serial_glass,
          glass_columns_c, glass_columns_b, hangedman_abyss_or_decor_stabs,
          minmay_tiny_reverse_x
D:2:      layout_loops_ring, general_overflow_altar,
          lemuel_coloured_pillars_altar, minmay_misc_feat_rows, uniq_sigmund
D:3:      layout_basic, lemuel_crystal_altar, chequers_ecumenical_altar_simple
D:4:      kennysheep_kobold_camp, layout_loops_ring,
          nicolae_overflow_hidden_temple
D:7:      layout_basic, enter_bailey_8, kennysheep_nondescript,
          minmay_fractal_squares_5, uniq_maggie, uniq_joseph, uniq_harold
Bailey:   bailey_axe_4, bailey

Skill      XL: |  1  2  3  4  5  6  7 |
---------------+----------------------+-----
Stealth        | 1 2 3 4 |  4.0
Long Blades    | 3 4 6 |  6.1
Fighting       | 4 |  4.0
Shields        | 4 |  4.0
Dodging        | 4 |  4.0

Action                   |  1- 3 |  4- 6 |  7- 9 || total
-------------------------+-------+-------+-------++-------
Melee: Long sword        |    44 |    81 |    39 ||   164
       Constrict         |    14 |    22 |    10 ||    46
       Tentacles         |     5 |    16 |     8 ||    29
Throw: Dart              |       |     1 |       ||     1
Invok: Sacrifice Essence |       |     1 |       ||     1
  Use: Scroll            |     1 |    13 |       ||    14
       Potion            |     1 |       |     3 ||     4
 Stab: Sleeping          |     4 |     7 |     2 ||    13
Armor: Skin              |       |     2 |       ||     2
Dodge: Dodged            |    15 |    26 |     9 ||    50
Block: Kite shield       |    21 |    53 |    28 ||   102
       Rpst.: Long sword |     3 |     8 |     2 ||    13
